 Dungeon Crawl Stone Soup version 0.23.0 (webtiles) character file.

Game seed: 9569187660757294398

2551 Ivernyr the Ogre Mage (level 9, -1/88 HPs)
             Began as an Ogre Fire Elementalist on Feb 9, 2019.
             Was a Priest of Cheibriados.
             Slain by an orc wizard
             ... wielding a +0 dagger
              (2 damage)
             ... on level 7 of the Dungeon on Feb 10, 2019.
             The game lasted 01:03:00 (9226 turns).

Ivernyr the Ogre Mage (Ogre Fire Elementalist)      Turns: 9226, Time: 01:03:00

Health: -1/88      AC:  5    Str: 21    XL:     9   Next: 56%
Magic:  8/18       EV: 10    Int: 26    God:    Cheibriados [***...]
Gold:   230        SH:  3    Dex: 11    Spells: 15/21 levels left

rFire    . . .     SeeInvis .   i - +1 whip
rCold    . . .     Gourm    .   (no shield)
rNeg     . . .     Faith    .   a - +1 robe
rPois    .         Spirit   .   (helmet restricted)
rElec    .         Reflect  +   B - +0 cloak
rCorr    +         Harm     .   (gloves unavailable)
MR       .....                  (boots unavailable)
Stlth    ++........             j - +3 amulet of reflection
HPRegen  0.24/turn              w - -5 ring of dexterity (curse)
MPRegen  0.16/turn              k - ring of resist corrosion

@: very slow
A: large, unfitting armour, tough skin 1
a: Bend Time, Temporal Distortion, Renounce Religion


You were on level 7 of the Dungeon.
You worshipped Cheibriados.
Cheibriados was most pleased with you.
You were hungry.

You visited 2 branches of the dungeon, and saw 8 of its levels.

You collected 230 gold pieces.

Inventory:

Hand Weapons
 i - a +1 whip (weapon)
Armour
 a - a +1 robe (worn)
 b - a scarf of repulsion
 n - the cursed +0 large shield of Liberalism {rF+ rN+++ Str-5 Int-5, unknown}
   (You found it on level 4 of the Dungeon)

   It affects your strength (-5).
   It affects your intelligence (-5).
   It protects you from fire.
   It renders you almost immune to negative energy.
   It has a curse placed upon it.
 B - a +0 cloak (worn)
Jewellery
 j - a +3 amulet of reflection (around neck)
 k - a ring of resist corrosion (right hand)
 w - a cursed -5 ring of dexterity (left hand)
Wands
 r - a wand of acid (5)
 x - a wand of flame (24)
Scrolls
 d - 4 scrolls of identify
 f - 5 scrolls of teleportation
 g - 2 scrolls of remove curse {unknown}
 q - a scroll of fear
 v - 2 scrolls of magic mapping {unknown}
 y - a scroll of enchant armour
Potions
 e - 2 potions of cancellation {unknown}
 h - 4 potions of curing
 l - 2 potions of might
 m - 2 potions of degeneration {unknown}
 o - 2 potions of lignification {unknown}
 p - a potion of flight {unknown}
 s - a potion of agility {unknown}
 t - a potion of invisibility {unknown}
 u - a potion of magic {unknown}
 z - a potion of haste {unknown}
 A - a potion of heal wounds {unknown}
Comestibles
 c - 13 rations


   Skills:
 - Level 5.0 Fighting
 - Level 2.0 Dodging
 - Level 1.4 Stealth
 + Level 3.9 Shields
 + Level 6.6 Spellcasting
 + Level 5.2 Conjurations
 + Level 5.9 Fire Magic
 + Level 5.1 Invocations


You had 15 spell levels left.
You knew the following spells:

 Your Spells              Type           Power        Failure   Level  Hunger
a - Flame Tongue          Conj/Fire      #####        1%          1    None
b - Throw Flame           Conj/Fire      #####.       1%          2    None
c - Conjure Flame         Conj/Fire      #####...     1%          3    None

Your spell library contained the following spells:

 Spells                   Type           Power        Failure   Level  Hunger
 Inner Flame              Hex/Fire       ###.....     6%          3    None
 Sticky Flame             Conj/Fire      #####...     7%          4    ###....
 Fireball                 Conj/Fire      #####.....   19%         5    #####..


Dungeon Overview and Level Annotations

Branches:
Dungeon (7/15)             Temple (1/1) D:4

Altars:
Ashenzari
Cheibriados
Dithmenos
Gozag
Makhleb
Okawaru
Ru
Sif Muna
Trog
Xom
Yredelemnul

Shops:
D:6 =

Annotations:
D:4 1 runed translucent door, Cykl0x's ghost, novice FoFi


Innate Abilities, Weirdness & Mutations

You are too large for most types of armour.
You have tough skin. (AC +1)


Message History

Aiming: Throw Flame (safe; 1% risk of failure)
Press: ? - help, Shift-Dir - straight line, f/p - orc warrior
Aim: an orc warrior, wielding a +0 long sword and wearing a +0 plate armour (severely wounded)
The puff of flame hits the orc warrior.
The orc warrior is almost dead.
The orc warrior misses you. You block something's attack.
Casting: Throw Flame (safe; 1% risk of failure)
Confirm with . or Enter, or press ? or * to list all spells.
Aiming: Throw Flame (safe; 1% risk of failure)
Press: ? - help, Shift-Dir - straight line, f/p - orc warrior
Aim: an orc warrior, wielding a +0 long sword and wearing a +0 plate armour (almost dead)
The puff of flame misses the orc warrior.
You hear some strange, mumbled words.
A puff of frost appears from out of thin air!
The puff of frost hits you!
* * * LOW HITPOINT WARNING * * *
The orc warrior hits you with a +0 long sword!!
* * * LOW HITPOINT WARNING * * *
The orc hits you but does no damage. Something hits you.
You die...

#........#....####
#........#....#...
#........#....#...
#........#....#...
#........#....#...
#........#....#...
#........#....+...
#........#....#...
#@{......#....#...
#oo......#....#..g
######........#....#...
#.............#....#...
#.............#....#...
#...............####...
#.)[..#########......##
...o...# #......#
........# #......##


You could see an orc warrior and an orc.

Vanquished Creatures
  Duvessa (D:6)
  An orc warrior (D:6)
  3 phantoms (D:5)
  A sky beast (D:7)
  A necrophage (D:6)
  An ogre (D:7)
  3 centaurs (D:6)
  Blork the orc (D:6)
  A bullfrog (D:7)
  A wyvern zombie (D:7)
  Dowan (D:6)
  3 howler monkeys
  A crimson imp (D:6)
  A centaur skeleton (D:5)
  A jelly (D:5)
  9 orc wizards
  4 hounds
  4 orc priests
  2 bullfrog skeletons
  2 iguanas (D:6)
  5 worker ants
  3 hound skeletons
  A hound zombie (D:5)
  4 gnolls (D:7)
  9 adders
  3 river rats (D:4)
  2 oozes
  An adder zombie (D:5)
  4 worms
  3 leopard geckos (D:1)
  16 orcs
  6 giant cockroaches
  6 goblins
  6 hobgoblins
  6 jackals
  7 quokkas
  3 ball pythons
  10 bats
  7 frilled lizards
  4 kobolds
  9 rats
157 creatures vanquished.

Vanquished Creatures (others)
  A centaur (D:6)
1 creature vanquished.

Grand Total: 158 creatures vanquished

Notes
Turn   | Place    | Note
-------+----------+-------------------------------------------
     0 | D:1      | Ivernyr the Ogre Fire Elementalist began the quest for the
                  | Orb.
     0 | D:1      | Reached XP level 1. HP: 16/16 MP: 3/3
    22 | D:1      | Reached skill level 1 in Conjurations
   157 | D:1      | Reached XP level 2. HP: 20/24 MP: 1/5
   555 | D:1      | Reached skill level 1 in Fighting
   831 | D:1      | Reached XP level 3. HP: 33/33 MP: 4/7
   863 | D:1      | Learned a level 2 spell: Throw Flame
   867 | D:1      | Learned a level 3 spell: Conjure Flame
   946 | D:2      | Found a faded altar of an unknown god.
  1616 | D:3      | Reached skill level 3 in Spellcasting
  1616 | D:3      | Reached XP level 4. HP: 17/42 MP: 1/8
  2039 | D:3      | Reached XP level 5. HP: 51/53 MP: 6/9
  2949 | D:4      | Found an opulent altar of Gozag.
  2949 | D:4      | Found a deep blue altar of Sif Muna.
  3009 | D:4      | Found a staircase to the Ecumenical Temple.
  3032 | D:4      | Reached XP level 6. HP: 58/62 MP: 4/11
  3241 | D:4      | Reached skill level 4 in Spellcasting
  3340 | Temple   | Entered the Ecumenical Temple
  3359 | Temple   | Became a worshipper of Cheibriados the Contemplative
  3510 | D:4      | Got a dazzling large shield
  3609 | D:4      | Found a shimmering altar of Xom.
  3955 | D:4      | Found a runed translucent door.
  3958 | D:4      | Noticed Cykl0x's ghost (novice FoFi)
  4045 | D:4      | Reached skill level 1 in Invocations
  4045 | D:4      | Reached XP level 7. HP: 71/71 MP: 6/13
  4284 | D:4      | Reached * piety under Cheibriados
  4297 | D:4      | Reached skill level 5 in Fighting
  4558 | D:5      | Entered Level 5 of the Dungeon
  4864 | D:5      | Reached skill level 1 in Shields
  5118 | D:5      | Found a bloodstained altar of Trog.
  5330 | D:5      | Found a bloodstained altar of Trog.
  5504 | D:5      | Reached XP level 8. HP: 80/80 MP: 5/15
  5584 | D:5      | Reached ** piety under Cheibriados
  5641 | D:5      | Reached skill level 5 in Spellcasting
  6109 | D:6      | Noticed Duvessa
  6110 | D:6      | Noticed Dowan
  6124 | D:6      | Killed Duvessa
  6378 | D:6      | Killed Dowan
  6579 | D:6      | Reached skill level 5 in Fire Magic
  7030 | D:6      | Found a shadowy altar of Dithmenos.
  7040 | D:6      | Reached XP level 9. HP: 88/88 MP: 7/17
  7138 | D:6      | Reached skill level 6 in Spellcasting
  7145 | D:6      | Reached *** piety under Cheibriados
  7362 | D:6      | Found Xymnad's Jewellery Emporium.
  7464 | D:6      | Noticed Blork the orc
  7471 | D:6      | Killed Blork the orc
  8457 | D:7      | Found a basalt altar of Yredelemnul.
  8515 | D:7      | Reached skill level 5 in Conjurations
  8562 | D:7      | Reached skill level 5 in Invocations
  9100 | D:7      | Found a burning altar of Makhleb.
  9100 | D:7      | Noticed an Executioner
  9226 | D:7      | HP: 1/88 [orc warrior/+0 long sword (21)]
  9226 | D:7      | Slain by an orc wizard

Skill      XL: |  1  2  3  4  5  6  7  8  9 |
---------------+----------------------------+-----
Conjurations   | 1 2 3 4 5 |  5.2
Dodging        | 2 |  2.0
Fighting       | 1 2 3 4 5 |  5.0
Fire Magic     | 3 4 5 |  5.9
Spellcasting   | 3 4 5 6 |  6.6
Invocations    | 1 2 4 5 |  5.1
Shields        | 1 3 |  3.9
Stealth        | |  1.4

Action                   |  1- 3 |  4- 6 |  7- 9 || total
-------------------------+-------+-------+-------++-------
Melee: Unarmed           |     6 |       |       ||     6
       Whip              |     9 |    38 |    86 ||   133
 Cast: Flame Tongue      |    60 |    90 |   224 ||   374
       Throw Flame       |       |    11 |    47 ||    58
       Conjure Flame     |       |     1 |     1 ||     2
  Use: Scroll            |       |     8 |     1 ||     9
       Potion            |       |     2 |       ||     2
  Eat: Chunk             |     2 |     8 |     7 ||    17
Armor: Robe              |    18 |    20 |    39 ||    77
Dodge: Dodged            |    27 |    39 |    83 ||   149
       Deflected         |     3 |       |     4 ||     7
Block: Other             |       |     7 |    32 ||    39
       Reflection        |       |       |     3 ||     3
